 Dungeon Crawl Stone Soup version 0.31.0-9-g3a7656b989 (webtiles) character file.

Game seed: 3462632547383892551

97 qw the Shooter (level 4, -14/22 HPs)
             Began as a Spriggan Hunter on Feb 2, 2024.
             Demolished by an orc
             ... wielding a +2 hand axe of electrocution
              (16 damage)
             ... on level 2 of the Dungeon.
             The game lasted 00:00:07 (1986 turns).

qw the Shooter (Spriggan Hunter)                    Turns: 1986, Time: 00:00:08

Health: -14/22     AC:  2    Str:  5 (7)  XL:     4   Next: 42%
Magic:  5/5        EV: 19    Int:  8 (10) God:
Gold:   66         SH:  0    Dex: 18 (20) Spells: 3/3 levels left

rFire   . . .        a - +0 shortbow
rCold   . . .        (shield currently unavailable)
rNeg    . . .        c - +0 robe
rPois   .            (helmet restricted)
rElec   .            (no cloak)
rCorr   .            (gloves unavailable)
SInv    +            (boots unavailable)
Will    +....        (no amulet)
Stlth   ++           k - ring of willpower
HPRegen 0.23/turn    (no ring)
MPRegen 0.09/turn

%: no passive effects
@: very quick
A: very small, no large weapons, unfitting armour, see invisible, speed 3
a: no special abilities


You were on level 2 of the Dungeon.
You visited 1 branch of the dungeon, and saw 3 of its levels.

You collected 105 gold pieces.
You spent 39 gold pieces at shops.


Innate Abilities, Weirdness & Mutations

You are very small and have problems with some larger weapons.
You are too small for most types of armour.
You have supernaturally acute eyesight. (SInv)
You cover ground extremely quickly. (Speed+++)


   Skills:
 + Level 1.6 Fighting
 - Level 5.0 Ranged Weapons
 - Level 4.8 Dodging
 - Level 1.5 Stealth


You had 3 spell levels left.
You didn't know any spells.
Your spell library was empty.

Inventory:

Hand Weapons
 a - a +0 shortbow (weapon)
Armour
 c - a +0 robe (worn)
Jewellery
 k - a ring of willpower (left hand)
Scrolls
 f - a scroll of teleportation
Potions
 d - a potion of curing
 e - a potion of heal wounds
 h - a potion of haste
 m - a potion of resistance

Dungeon Overview and Level Annotations

Branches:
Dungeon (3/15)

Altars:

Shops:
D:2 *


Message History

You shoot an arrow. The arrow barely misses the orc.
The orc misses you. The orc hits you with a +0 mace.
You shoot an arrow. The arrow closely misses the orc.
The orc closely misses you.
You shoot an arrow.
The arrow hits the orc but does no damage.
The orc is moderately wounded.
The orc closely misses you.
You shoot an arrow.
The arrow hits the orc but does no damage.
The orc is moderately wounded.
The orc hits you but does no damage.
You shoot an arrow. The arrow hits the orc.
You kill the orc!
Enter note:
Enter note:
Enter note:
Enter note: You see here 5 stones.
There is a stone staircase leading down here.
You climb downwards.
The orc shouts!
The orc completely misses you. The orc hits you with a +0 hand axe.
The orc hits you with a +2 hand axe of electrocution.
There is a stone staircase leading up here.
1983 ||| STAIRDANCE The orc hits you with a +2 hand axe of electrocution.
The orc hits you with a +0 hand axe.
You climb upwards.
There is a stone staircase leading down here.
You shoot an arrow. The arrow hits the orc.
The orc is lightly wounded.
The orc hits you with a +2 hand axe of electrocution.
The orc closely misses you.
You shoot an arrow. The arrow hits the orc.
The orc is almost dead.
The orc hits you with a +2 hand axe of electrocution.
You are electrocuted!
Ouch! That really hurt!
You die...

..........%...#.# #.##.# #.#...
#.###.......#.#.###.##.#####.#...
#.# #.......#...#............#...
#.# #.......##...#......#########
#.#######.#####.........#........
#.#.....#.).............#.#######
#.................##.####.#
#.......##......oo#.....#.#
#..############.@.......#.# #..#
#....###.....#.# #..######
#....###...\.#.# #.......#
#.........####.# #.#####.#
#....#########.# #.# #.#
#....###.......# #.#####.#
##.#.......#####
#.#.....#####.#..######
#.#.####......#..#


You could see 2 orcs.

Vanquished Creatures
  3 adders (D:2)
  A dart slug (D:2)
  A ribbon worm (D:2)
  An orc (D:2)
  4 bats
  8 endoplasms
  2 giant cockroaches
  4 hobgoblins
  2 jackals (D:1)
  3 quokkas
  2 ball pythons (D:2)
  3 frilled lizards (D:1)
  13 goblins
  6 kobolds
  5 rats
58 creatures vanquished.

Notes
Turn   | Place    | Note
-------+----------+-------------------------------------------
     0 | D:1      | qw the Spriggan Hunter began the quest for the Orb.
     0 | D:1      | Reached XP level 1. HP: 10/10 MP: 2/2
     0 | D:1      | 0 ||| qw: Version: 0.3-a-155-g5e7d8dd
     0 | D:1      | 0 ||| qw: Game counter: 2066
     0 | D:1      | 0 ||| qw: Melee chars always use a shield: true
     0 | D:1      | 0 ||| qw: God list: Okawaru
     0 | D:1      | 0 ||| qw: Allow faded altars: false
     0 | D:1      | 0 ||| qw: Do Orc after clearing Dungeon:15 true
     0 | D:1      | 0 ||| qw: Do second Lair branch before Depths: true
     0 | D:1      | 0 ||| qw: Lair rune preference: random
     0 | D:1      | 0 ||| qw: Goals: Normal
     0 | D:1      | 0 ||| PLANNING D:1-11
    21 | D:1      | Reached skill level 3 in Dodging
    87 | D:1      | Reached XP level 2. HP: 14/14 MP: 3/3
   547 | D:1      | Reached XP level 3. HP: 18/18 MP: 4/4
   580 | D:1      | Found a faded altar of an unknown god.
   669 | D:1      | 669 ||| READING scroll labelled PYKHUIMYOR.
   669 | D:1      | 669 ||| IDENTIFYING golden potion
   670 | D:1      | 670 ||| READING scroll labelled XUIPTOR VUHAPS.
   771 | D:1      | 771 ||| READING 3 scrolls labelled IKYEMU PASM.
   872 | D:1      | 872 ||| DROPPING scroll of butterflies.
   873 | D:1      | 873 ||| DROPPING 2 scrolls of vulnerability.
   984 | D:2      | HP: 4/18 [poisoned by an adder]
  1073 | D:2      | Found Qysir's General Store.
  1078 | D:2      | Reached skill level 5 in Ranged Weapons
  1082 | D:2      | 1082 ||| SHOPLISTING scroll of enchant weapon (97 gold,
                  | have 43).
  1082 | D:2      | 1082 ||| BUYING scroll of teleportation (39 gold).
  1082 | D:2      | Bought a scroll of teleportation for 39 gold pieces
  1082 | D:2      | 1082 ||| SHOPLISTING scroll of teleportation (39 gold, have
                  | 4).
  1162 | D:2      | Reached XP level 4. HP: 11/22 MP: 5/5
  1911 | D:2      | 1911 ||| UPGRADING to ring of willpower.
  1912 | D:2      | 1912 ||| READING 3 scrolls of identify.
  1912 | D:2      | 1912 ||| IDENTIFYING fuming silvery potion
  1913 | D:2      | 1913 ||| READING 2 scrolls of identify.
  1913 | D:2      | 1913 ||| IDENTIFYING metallic brown potion
  1914 | D:2      | 1914 ||| READING scroll of identify.
  1914 | D:2      | 1914 ||| IDENTIFYING fizzy black potion
  1915 | D:2      | 1915 ||| READING scroll labelled OKHLEU CAGONU.
  1916 | D:2      | 1916 ||| READING scroll labelled XUOFAD DADIYRY.
  1917 | D:2      | 1917 ||| DRINKING 5 dark potions.
  1918 | D:2      | 1918 ||| DRINKING 2 emerald potions.
  1919 | D:2      | 1919 ||| DROPPING 4 potions of degeneration.
  1920 | D:2      | 1920 ||| DROPPING potion of magic.
  1947 | D:3      | 1947 ||| STAIRDANCE
  1983 | D:3      | 1983 ||| STAIRDANCE
  1986 | D:2      | HP: 2/22 [orc/+2 hand axe of electrocution (6)]
  1986 | D:2      | Demolished by an orc

Levels and vault maps discovered:
D:1:      scummos_arrival_simple_fountains, layout_loops_ring,
          hellmonk_ecumenical_altar_crossroads
D:2:      layout_basic, serial_shops, shop, minmay_goblin_outpost
D:3:      layout_basic, nicolae_qazlal_beasts_of_the_sky, grunt_decor_junction,
          st_stairs_13

Skill      XL: |  1  2  3 |
---------------+----------+-----
Dodging        | 3 4 |  4.8
Ranged Weapons | 5 |  5.0
Fighting       | |  1.6
Stealth        | |  1.5

Action                     |  1- 3 |  4- 6 || total
---------------------------+-------+-------++-------
   Fire: Shortbow          |   110 |    54 ||   164
    Use: Scroll            |     3 |     5 ||     8
         Potion            |       |     2 ||     2
 Armour: Robe              |    13 |     9 ||    22
  Dodge: Dodged            |    22 |    11 ||    33

Table legend:
 A = Non-vault XP
 B = Vault XP
 C = Vault XP percentage of total XP
 D = Non-vault monster count
 E = Vault monster count
 F = Vault count percentage of total count
                 A         B        C        D         E       F
            +---------+---------+-------+---------+---------+-------
      Total |     124 |      15 |  10.8 |      50 |       8 |  13.8
            +---------+---------+-------+---------+---------+-------
        D:1 |      46 |       0 |   0.0 |      28 |       0 |   0.0
        D:2 |      78 |      15 |  16.1 |      22 |       8 |  26.7
            +---------+---------+-------+---------+---------+-------
